 Dungeon Crawl Stone Soup version 0.29-a0-340-g6efceafd81 (webtiles) character file.

Game seed: 7180377505972973915

12970 zishaf the Thaumaturge (level 12, -27/90 HPs)
             Began as a Djinni Venom Mage on Apr 19, 2022.
             Was an Elder of Makhleb.
             Annihilated by a large slime creature (28 damage)
             ... on level 11 of the Dungeon.
             The game lasted 00:32:19 (15057 turns).

zishaf the Thaumaturge (Djinni Venom Mage)         Turns: 15057, Time: 00:32:20

Health: -27/90     AC:  5    Str:  7    XL:     12   Next: 26%
Gold:   1059       EV: 11    Int: 21    God:    Makhleb [****..] SH: 10 Dex: 21

rFire   + + .      SeeInvis .   K - +4 demon blade of the Cup {flame, rElec rPois rCorr}
rCold   . . .      Faith    +   L - +0 kite shield
rNeg    . . .      Spirit   .   y - +2 robe {rC+}
rPois   ∞          Reflect  .   G - +0 helmet
rElec   +          Harm     .   (no cloak)
rCorr   +          Rampage  .   (no gloves)
Will    +....                   (boots unavailable)
Stlth   +++++.....              n - amulet of faith
HPRegen 0.25/turn               l - +6 ring of dexterity
MPRegen 0.00/turn               q - ring of Shadows {Umbra +Inv Stlth+}

@: flying, wreathed by umbra
A: sickness immunity, fire resistance 2, cold vulnerability 1, float, innate
caster, HP casting, extra vitality 1
a: Renounce Religion, Evoke Invisibility, Minor Destruction, Lesser Servant of
Makhleb, Major Destruction


You were on level 11 of the Dungeon.
You worshipped Makhleb.
Makhleb was greatly pleased with you.
You visited 1 branch of the dungeon, and saw 11 of its levels.
You also visited: Ossuary.

You collected 1156 gold pieces.
You spent 97 gold pieces at shops.

Inventory:

Hand Weapons
 e - a +0 spear
 h - a +0 flail of holy wrath
 B - a +3 short sword
 K - the +4 demon blade of the Cup (weapon) {flame, rElec rPois rCorr}
   (You took it off a gnoll on level 8 of the Dungeon)

   It burns those it strikes, dealing additional fire damage.
   Big, fiery blades are also staple armaments of hydra-hunters.
   rElec:     It insulates you from electricity.
   rPois:     It protects you from poison.
   rCorr:     It protects you from acid and corrosion.
Missiles
 g - 9 throwing nets
 m - 140 stones
Armour
 a - a +1 robe
 y - a +2 robe of cold resistance (worn)
 G - a +0 helmet (worn)
 I - +0 acid dragon scales
 J - +0 steam dragon scales
 L - a +0 kite shield (worn)
 M - a +2 robe of fire resistance
Magical Staves
 r - a staff of air
Jewellery
 l - a +6 ring of dexterity (left hand)
 n - an amulet of faith (around neck)
 q - the ring of Shadows (right hand) {Umbra +Inv Stlth+}
   (You found it on level 2 of the Dungeon)

   [ring of stealth]

   It surrounds you with an aura of shadow, increasing your stealth and reducing
   the accuracy of all others within it.
   +Inv:      It lets you turn invisible.
   Stlth:     It makes you more stealthy.
 N - a ring of see invisible
 O - an amulet of reflection
Wands
 i - a wand of mindburst (34)
 k - a wand of flame (19)
 o - a wand of iceblast (27)
 H - a wand of polymorph (11)
Scrolls
 c - 3 scrolls of fear
 d - 8 scrolls of teleportation
 f - 3 scrolls of vulnerability
 j - 3 scrolls of blinking
 p - 5 scrolls of identify
 s - a scroll of fog
 D - 2 scrolls of magic mapping
 E - a scroll of amnesia
Potions
 b - 2 potions of curing
 t - 4 potions of mutation
 u - 2 potions of haste
 v - a potion of brilliance
 w - a potion of heal wounds
 x - 4 potions of might
 z - a potion of flight
 A - 5 potions of attraction
 C - 3 potions of lignification
 F - a potion of resistance


   Skills:
 + Level 9.5 Fighting
 + Level 3.7 Long Blades
 - Level 2.1 Dodging
 - Level 1.5 Stealth
 + Level 3.4 Shields
 * Level 10.7 Spellcasting
 + Level 7.5 Invocations


You had 8 spell levels left.
You knew the following spells:

 Your Spells              Type           Power      Damage    Failure   Level
a - Sting                 Tmut/Pois      100%       1d8       1%          1
b - Sandblast             Erth           100%       2d20      1%          1
c - Mephitic Cloud        Conj/Pois/Air  54%        N/A       1%          3
d - Olgreb's Toxic Radia  Pois           54%        N/A       2%          4
e - Poisonous Vapours     Pois/Air       100%       N/A       1%          2
f - Blink                 Tloc           100%       N/A       1%          2
g - Inner Flame           Hex/Fire       54%        N/A       1%          3
h - Passage of Golubria   Tloc           54%        N/A       2%          4
i - Cause Fear            Hex            27%        N/A       2%          4
Your spell library was empty.

Dungeon Overview and Level Annotations

Branches:
Dungeon (11/15)            Temple (0/1) D:6            Lair (0/6) D:10
    Orc (0/2) D:9         Ossuary (visited)

Altars:
Elyvilon
Hepliaklqana
Makhleb
Nemelex Xobeh

Shops:
D:9 *

Annotations:
D:11 3 runed translucent doors, Psyclone's ghost, journeyman OpIE


Innate Abilities, Weirdness & Mutations

You are immune to sickness and miasma.
You are immune to poison.
Your flesh is very heat resistant. (rF++)
You are vulnerable to cold. (rC-)
You float through the air rather than walking.
You learn spells naturally, not from books.
Your magical power is your life essence.
You have superior vitality. (+4 MHP)


Message History

m - 140 stones The large slime creature is engulfed in blazing flames.
Flame seeps out of the large slime creature.
You slash the large slime creature!
Flame seeps out of the large slime creature.
You burn the large slime creature.
Flame seeps out of the large slime creature.
The large slime creature is heavily wounded.
Two slime creatures merge to form a very large slime creature.
You slash the very large slime creature!
Flame seeps out of the very large slime creature.
You burn the very large slime creature.
Flame seeps out of the very large slime creature.
The very large slime creature is heavily wounded.
The very large slime creature is engulfed in blazing flames.
Flame seeps out of the very large slime creature.
The very large slime creature hits you!!!
Ouch! That really hurt!
* * * LOW HITPOINT WARNING * * *
The very large slime creature's inner flame fades away.
The very large slime creature is engulfed in blazing flames.
The very large slime creature attacks as you move away!
The very large slime creature misses you.
Casting: Sandblast (safe; 1% risk of failure)
Confirm with . or Enter, or press ? or * to list all spells.
You blink.
* * * LOW HITPOINT WARNING * * *
You block the very large slime creature's attack.
Casting: Blink (safe; 1% risk of failure)
Confirm with . or Enter, or press ? or * to list all spells.
Aiming: Passage of Golubria (dangerous; 2% risk of failure)
Press: ? - help, Dir - move target, p - very large slime creature
* * * LOW HITPOINT WARNING * * *
Two slime creatures merge to form a large slime creature.
A very large slime creature splits.
The slime creature attacks as you move away!
The slime creature hits you!
* * * LOW HITPOINT WARNING * * *
The large slime creature hits you!!
You die...

....... #....
......####.###
.....#......#
.....#......#
#.........#
#......#+##
#######......#
##..J..J....J.#
#^@J..###.^...#
#.....###.....#
#..^....#...J.#
#.......#######
#.......#
#.......#
##.###### ...
##.


You could see 2 large slime creatures and a slime creature.

Vanquished Creatures
  A boulder beetle (D:10)
  Amaemon (D:8)
  A wizard (D:9)
  An orange demon (D:8)
  Maggie (D:8)
  Psyche (D:8)
  A hornet (D:6)
  Sigmund (D:4)
  3 wyverns
  A wraith (D:11)
  17 yaks
  4 steam dragons
  4 vampire mosquitoes (D:10)
  Grum (D:8)
  2 acid dragons
  A water moccasin (D:7)
  Duvessa (D:6)
  5 sky beasts
  An ice beast (D:6)
  A swamp drake (D:9)
  4 orc warriors
  2 black bears
  An ogre (D:5)
  5 wolves (D:8)
  5 centaurs
  2 kobold brigands
  Blork the orc (D:4)
  4 gnoll sergeants
  5 bullfrogs
  3 necrophages
  4 wights (D:9)
  Dowan (D:6)
  4 killer bees (D:11)
  2 electric eels (D:8)
  3 howler monkeys (D:8)
  2 jellies
  7 orc priests
  11 hounds
  4 gnoll shamans
  14 orc wizards
  3 iguanas
  Natasha (thrice) (D:4)
  8 mummies (Ossuary)
  35 gnolls
  7 adders
  3 shadow imps
  A white imp (D:8)
  An ufetubus (D:6)
  3 dart slugs
  42 orcs
  8 endoplasms
  A giant cockroach (D:2)
  3 gnoll zombies (Ossuary)
  7 goblins
  4 hobgoblins
  10 jackals
  19 kobolds
  3 quokkas
  6 ball pythons
  7 bats
  5 frilled lizards
  2 hobgoblin zombies (Ossuary)
  A kobold zombie (Ossuary)
  2 orc zombies (Ossuary)
  4 rats
321 creatures vanquished.

Vanquished Creatures (collateral kills)
  A worm (D:5)
1 creature vanquished.

Vanquished Creatures (others)
  2 gnolls (D:8)
  3 fungi (D:8)
  12 plants (D:7)
  4 toadstools (D:8)
21 creatures vanquished.

Grand Total: 343 creatures vanquished

Notes
Turn   | Place    | Note
-------+----------+-------------------------------------------
     0 | D:1      | zishaf the Djinni Venom Mage began the quest for the Orb.
     0 | D:1      | Reached XP level 1. HP: 15/15 MP: 0/0
   261 | D:1      | Reached XP level 2. HP: 21/22 MP: 0/0
   264 | D:1      | Reached skill level 1 in Fighting
  1102 | D:1      | Reached XP level 3. HP: 23/27 MP: 0/0
  1102 | D:1      | Learned a level 1 spell: Sandblast
  1631 | D:2      | Reached skill level 3 in Spellcasting
  1934 | D:2      | Found a faded altar of an unknown god.
  2007 | D:2      | Found the ring of Shadows {Umbra +Inv Stlth+}
  2380 | D:2      | Reached XP level 4. HP: 32/33 MP: 0/0
  3028 | D:3      | Reached XP level 5. HP: 12/38 MP: 0/0
  3028 | D:3      | Learned a level 2 spell: Blink
  3940 | D:4      | Noticed Natasha
  3940 | D:4      | Noticed Sigmund
  3967 | D:4      | Killed Natasha
  3968 | D:4      | Reached skill level 4 in Spellcasting
  4015 | D:4      | Killed Sigmund
  4016 | D:4      | Reached XP level 6. HP: 19/46 MP: 0/0
  4421 | D:4      | Noticed Blork the orc
  4431 | D:4      | Killed Blork the orc
  4432 | D:4      | Reached XP level 7. HP: 31/51 MP: 0/0
  4432 | D:4      | Learned a level 3 spell: Inner Flame
  4606 | D:4      | Noticed Natasha
  4610 | D:4      | Killed Natasha
  4611 | D:4      | Reached skill level 5 in Spellcasting
  4648 | D:4      | Noticed Natasha
  4652 | D:4      | Killed Natasha
  4968 | D:5      | Entered Level 5 of the Dungeon
  5054 | D:5      | Found a sand-covered staircase.
  5366 | Ossuary  | Entered an ossuary
  5931 | D:5      | Reached XP level 8. HP: 56/58 MP: 0/0
  5986 | D:5      | Found a white marble altar of Elyvilon.
  6021 | D:5      | Reached skill level 6 in Spellcasting
  6117 | D:5      | Reached skill level 5 in Fighting
  6355 | D:5      | Found a burning altar of Makhleb.
  6627 | D:5      | Became a worshipper of Makhleb the Destroyer
  7253 | D:5      | Reached skill level 1 in Invocations
  7801 | D:6      | Reached XP level 9. HP: 8/66 MP: 0/0
  7801 | D:6      | Learned a level 4 spell: Passage of Golubria
  8110 | D:6      | Noticed a hornet
  8120 | D:6      | Killed a hornet
  8121 | D:6      | Reached skill level 7 in Spellcasting
  8160 | D:6      | Noticed Duvessa
  8163 | D:6      | Noticed Dowan
  8183 | D:6      | Killed Duvessa
  8192 | D:6      | Killed Dowan
  8311 | D:6      | Reached * piety under Makhleb
  8476 | D:6      | Found a staircase to the Ecumenical Temple.
  9521 | D:7      | Reached skill level 8 in Spellcasting
  9589 | D:7      | Found a hazy altar of Hepliaklqana.
  9670 | D:7      | Reached XP level 10. HP: 67/75 MP: 0/0
 10345 | D:7      | Found a sparkling altar of Nemelex Xobeh.
 10429 | D:8      | Noticed Amaemon
 10430 | D:8      | Noticed an orange demon
 10460 | D:8      | Noticed Grum
 10472 | D:8      | Killed Grum
 10473 | D:8      | Reached skill level 5 in Invocations
 10819 | D:8      | Reached skill level 9 in Spellcasting
 10824 | D:8      | Reached ** piety under Makhleb
 11116 | D:8      | Killed an orange demon
 11315 | D:8      | Killed Amaemon
 11316 | D:8      | Reached XP level 11. HP: 70/81 MP: 0/0
 11316 | D:8      | Learned a level 4 spell: Cause Fear
 11356 | D:8      | Identified the +4 demon blade of the Cup {flame, rElec
                  | rPois rCorr}
 11993 | D:8      | Noticed Maggie
 12005 | D:8      | Killed Maggie
 12006 | D:8      | Reached skill level 1 in Long Blades
 12082 | D:8      | Noticed Psyche
 12089 | D:8      | Killed Psyche
 12157 | D:8      | Reached *** piety under Makhleb
 12774 | D:9      | Found a staircase to the Orcish Mines.
 12926 | D:9      | Reached skill level 10 in Spellcasting
 13062 | D:9      | Reached skill level 1 in Shields
 13461 | D:9      | Reached **** piety under Makhleb
 13620 | D:9      | Found Woefras's Island Escapes.
 13628 | D:9      | Bought a scroll of blinking for 97 gold pieces
 13669 | D:9      | Noticed a wizard
 13677 | D:9      | Killed a wizard
 13976 | D:10     | Entered Level 10 of the Dungeon
 14180 | D:10     | Reached XP level 12. HP: 56/89 MP: 0/0
 14184 | D:10     | Noticed a boulder beetle
 14313 | D:10     | Found a staircase to the Lair.
 14449 | D:10     | Killed a boulder beetle
 14983 | D:11     | Noticed Psyclone's ghost (journeyman OpIE)
 15031 | D:11     | Found a runed translucent gate.
 15031 | D:11     | Found a runed translucent gate.
 15031 | D:11     | Found a runed translucent gate.
 15057 | D:11     | HP: 1/90 [slime creature (13)]
 15057 | D:11     | Annihilated by a large slime creature

Illustrated notes

Levels and vault maps discovered:
D:1:      co_arrival_random_square_maze, layout_rooms, serial_corexii_hall,
          corexii_hall_statues_i, chequers_hall_statues_wall_a,
          chequers_hall_statues_wall_a, chequers_serial_rivers_room_b,
          chequers_serial_rivers_small_a, minmay_misc_feat_four_crosses,
          amcnicky_mini_corridor_feature, dreamdust_princess_bridge,
          minmay_box_of_dots
D:2:      layout_basic, nicolae_ecumenical_snake_handling, minmay_heptomino_w4
D:3:      layout_rooms, chequers_serial_rivers_room_b
D:4:      layout_loops_ring, uniq_natasha, uniq_blork_the_orc, uniq_sigmund
D:5:      layout_loops_corners, mainiacjoe_overflow_catch_the_wave,
          nicolae_ossuary_entry_false_entrances
D:6:      layout_loops_ring, minmay_temple_entry_hall, uniq_duvessa
D:7:      layout_gridville, nicolae_hepliaklqana_hazy_memory,
          mainiacjoe_overflow_alcove_1
D:8:      layout_cave_pools, serial_gnoll_camp, gnoll_camp_huts_moat,
          gnoll_camp_mini_basic, gnoll_camp_mini_basic,
          gnoll_camp_mini_doghouse, gnoll_camp_mini_basic,
          kennysheep_flooded_box, minmay_gold_behind_fungi, uniq_amaemon,
          uniq_grum, uniq_psyche, uniq_maggie
D:9:      layout_roguey, erik_orc_1, nicolae_island_escapes
D:10:     layout_basic, lair_entry_dummy
D:11:     layout_basic, gammafunk_ghost_icy, kennysheep_generic_room_3,
          uniq_maurice

Skill      XL: |  1  2  3  4  5  6  7  8  9 10 11 12 |
---------------+-------------------------------------+-----
Fighting       | 1 2 3 4 5 7 8 9 |  9.5
Spellcasting   | 3 4 5 6 8 9 10 | 10.7
Invocations    | 1 4 6 7 |  7.5
Long Blades    | 3 |  3.7
Shields        | 2 3 |  3.4
Dodging        | |  2.1
Stealth        | |  1.5

Action                   |  1- 3 |  4- 6 |  7- 9 | 10-12 || total
-------------------------+-------+-------+-------+-------++-------
Melee: Spear             |    15 |    12 |    14 |       ||    41
       Short sword       |       |       |    22 |    21 ||    43
       Demon blade       |       |       |       |   121 ||   121
       Punch             |       |       |       |     2 ||     2
 Cast: Sting             |    56 |    75 |   105 |     7 ||   243
       Sandblast         |     1 |     1 |    61 |    46 ||   109
       Mephitic Cloud    |       |     3 |    20 |    11 ||    34
       Inner Flame       |       |       |    20 |    42 ||    62
       Poisonous Vapours |       |       |     7 |    21 ||    28
       Blink             |       |       |     5 |     5 ||    10
       Olgreb's Toxic Ra |       |       |     2 |    38 ||    40
       Passage of Golubr |       |       |       |     5 ||     5
  Use: Scroll            |       |       |    22 |     2 ||    24
 Stab: Confused          |       |       |     3 |       ||     3
       Sleeping          |       |       |       |     4 ||     4
Armor: Robe              |     5 |     8 |    21 |    40 ||    74
Dodge: Dodged            |    28 |    46 |    91 |   158 ||   323
Block: Kite shield       |       |       |       |    13 ||    13

Table legend: (Time is in decaauts)
 A = Elapsed time spent in this place.
 B = Non-inter-level travel time spent in this place.
 C = Inter-level travel time spent in this place.
 D = Time resting spent in this place.
 E = Time spent auto-exploring this place.
 F = Levels seen in this place.
 G = Mean time per level.
                   A        B        C        D        E       F      G
               +--------+--------+--------+--------+--------+-----+--------+
         Total |  15103 |  14640 |    463 |   2983 |   9048 |  12 | 1258.6 |
       Dungeon |  14583 |  14120 |    463 |   2674 |   8949 |  11 | 1325.7 |
       Ossuary |    519 |    519 |      0 |    309 |     99 |   1 |  519.0 |
               +--------+--------+--------+--------+--------+-----+--------+

Top non-repeatable levels by time:
     D:8: 1940 daAuts
     D:5: 1823 daAuts
     D:7: 1617 daAuts
     D:1: 1542 daAuts
     D:4: 1525 daAuts
     D:6: 1518 daAuts
     D:2: 1358 daAuts
     D:9: 1331 daAuts
     D:3: 832 daAuts
    D:10: 808 daAuts
 Ossuary: 519 daAuts
    D:11: 284 daAuts
